AoeStats
← Joaking

Highland

505585509Analyzed
4v4 RM · 22d ago on Sep 10, 2026· 51m 41s· 8 players
Game mode
Random Map
Map size
Large (8 player)
Population
200
Speed
Normal
Resources
Standard
Victory
Conquest
Starting age
Dark Age
Ending age
Imperial Age
RankedLock teamsTeams togetherTeam positionsShared explorationLock speedFull tech treeHidden civsTurbo modeCheats
Victory
Defeat
🇺🇸 Poles · United States
1132
+13
🇲🇽 Japanese · Mexico
1123
+13
🇺🇸 Persians · United States
1106
+14
🇨🇳 Koreans · China
1037
+18
🇵🇪 Teutons · Peru
1122
-17
🇧🇴 Mongols · Bolivia
1071
-15
🇦🇷 Vietnamese · Argentina
1038
-13
🇨🇱 Britons · Chile
1024
-13
MrHugo_14
1:50 Loom
12:02 Feudal Age
12:44 Double-Bit Axe
12:42 Horse Collar
14:27 Wheelbarrow
19:03 Castle Age
17:39 Stone Mining
25:42 Heavy Plow
27:08 Hand Cart
28:36 Nomads
31:48 Imperial Age
30:33 Stone Shaft Mining
29:50 Gold Mining
31:48 Padded Archer Armor
31:39 Fletching
33:01 Conscription
33:28 Gold Shaft Mining
33:19 Town Watch
34:14 Leather Archer Armor
33:55 Bodkin Arrow
38:00 Bow Saw
37:56 Bracer
39:02 Chemistry
38:28 Ballistics
40:00 Drill
39:21 Elite Mangudai
41:28 Scale Barding Armor
41:03 Capped Ram
41:03 Heavy Scorpion
42:08 Siege Ram
43:54 Siege Engineers
44:52 Masonry
AGGM
8:12 Loom
10:31 Feudal Age
13:59 Double-Bit Axe
23:16 Castle Age
22:11 Padded Archer Armor
22:02 Fletching
23:26 Crossbowman
29:29 Wheelbarrow
Joaking
12:01 Feudal Age
10:19 Loom
12:06 Feudal Age
21:16 Castle Age
20:46 Fletching
22:10 Crossbowman
22:49 Bodkin Arrow
31:58 Ballistics
35:40 Imperial Age
34:32 Yeomen
35:16 Padded Archer Armor
35:57 Elite Longbowman
37:45 Wheelbarrow
36:56 Town Watch
37:53 Bracer
39:18 Chemistry
38:47 Double-Bit Axe
38:46 Horse Collar
39:23 Leather Archer Armor
39:21 Masonry
41:07 Ring Archer Armor
41:02 Fortified Wall
40:59 Siege Engineers
42:33 Conscription
42:14 Warwolf
43:18 Hand Cart
43:03 Town Patrol
43:40 Architecture
43:23 Forging
43:14 Scale Mail Armor
43:27 Bow Saw
43:21 Heavy Plow
43:57 Pikeman
44:38 Squires
44:23 Arson
44:24 Gambesons
45:28 Halberdier
46:28 Chain Mail Armor
46:49 Iron Casting
Haku...!!!
3:15 Loom
10:53 Feudal Age
12:14 Double-Bit Axe
20:27 Castle Age
19:05 Bloodlines
18:54 Horse Collar
20:05 Scale Barding Armor
21:36 Chain Barding Armor
23:59 Forging
24:05 Bow Saw
23:58 Heavy Plow
26:05 Iron Casting
25:37 Pikeman
36:36 Stone Mining
42:31 Gold Mining
44:14 Wheelbarrow
44:15 Squires
44:29 Scale Mail Armor
45:56 Chain Mail Armor
51:40 Fletching
snoopypaco12
1:53 Loom
11:46 Feudal Age
12:41 Double-Bit Axe
12:39 Horse Collar
19:50 Castle Age
21:13 Bow Saw
23:04 Heavy Plow
27:40 Forging
30:37 Scale Barding Armor
32:10 Murder Holes
34:59 Bloodlines
35:28 Iron Casting
42:49 Imperial Age
42:23 Chain Barding Armor
42:45 Husbandry
44:50 Elite War Elephant
46:41 Cavalier
48:47 Light Cavalry
IronButton64833
2:43 Loom
9:37 Feudal Age
10:05 Double-Bit Axe
13:25 Horse Collar
17:46 Castle Age
17:12 Gold Mining
17:29 Scale Barding Armor
18:47 Bow Saw
18:38 Heavy Plow
20:55 Chain Barding Armor
22:10 Wheelbarrow
21:50 Forging
22:00 Bloodlines
32:54 Hand Cart
35:06 Town Watch
39:30 Imperial Age
37:56 Stone Mining
38:58 Caravan
40:02 Iron Casting
39:52 Husbandry
40:20 Treadmill Crane
40:51 Masonry
41:47 Blast Furnace
41:55 Szlachta Privileges
42:12 Conscription
41:30 Cavalier
49:59 Crop Rotation
50:08 Town Patrol
52:22 Ballistics
53:02 Chemistry
wqq1997
11:31 Feudal Age
13:25 Double-Bit Axe
17:32 Castle Age
16:37 Horse Collar
18:24 Bow Saw
18:42 Heavy Plow
19:57 Fishing Lines
20:30 Loom
22:21 Wheelbarrow
25:25 Hand Cart
25:11 Elite Skirmisher
25:36 Elite Skirmisher
27:05 Stone Mining
27:06 Gold Mining
31:18 Gold Shaft Mining
31:21 Stone Shaft Mining
34:42 Imperial Age
33:24 Caravan
35:33 Thumb Ring
35:56 Conscription
36:29 Guilds
38:14 Chemistry
37:34 Ballistics
36:56 Treadmill Crane
37:28 Fortified Wall
37:29 Masonry
38:32 Two-Man Saw
39:13 Siege Engineers
38:40 Elite War Wagon
39:54 Squires
39:40 Arson
39:41 Gambesons
39:16 Elite Fire Lancer
40:30 Forging
40:10 Fletching
40:21 Scale Mail Armor
40:26 Scale Barding Armor
39:46 Elite Cannon Galleon
41:39 Bodkin Arrow
42:20 Iron Casting
42:46 Medium Warships
43:44 Chain Barding Armor
43:40 Chain Mail Armor
43:30 Eupseong
43:51 Shinkichon
44:38 Architecture
43:59 Heated Shot
44:04 Murder Holes
43:55 Arrowslits
44:24 Clinker Construction
44:25 Careening
44:21 Siphons
45:56 Heavy Warships
46:14 Bracer
47:22 Elite Turtle Ship
49:01 Bracer
49:31 Plate Mail Armor
49:25 Carvel Hull
49:25 Shipwright
49:26 Dry Dock
49:25 Incendiaries
48:48 Crossbowman
48:50 Man-at-Arms
48:50 Pikeman
51:55 Coinage
Rurmuch
7:35 Loom
9:52 Feudal Age
10:00 Man-at-Arms
11:32 Double-Bit Axe
11:48 Horse Collar
12:47 Town Watch
17:01 Wheelbarrow
20:40 Castle Age
18:47 Stone Mining
18:49 Gold Mining
19:27 Scale Mail Armor
19:39 Forging
21:40 Bow Saw
21:33 Heavy Plow
29:57 Chain Mail Armor
30:31 Gambesons
32:21 Squires
35:25 Heavy Plow
37:17 Fletching
43:46 Imperial Age
41:44 Bodkin Arrow
41:59 Elite Skirmisher
42:41 Padded Archer Armor
44:43 Ballistics
44:41 Leather Archer Armor
44:42 Bracer
46:08 Ring Archer Armor
46:20 Thumb Ring
47:28 Chemistry
47:42 Conscription
51:12 Onager
Connection lost

Rejoining the realm…

Still unreachable

The connection could not be restored.

Session expired

The server has moved on; the page needs a fresh start.